 Dungeon Crawl Stone Soup version 0.29-a0-1043-g569b05d6ff (webtiles) character file.

Game seed: 4504084099090734808

6250 Zeldest the Chopper (level 10, -13/53 HPs)
             Began as a Vine Stalker Monk on Aug 16, 2022.
             Was an Elder of the Shining One.
             Blown up by an eye of devastation (24 damage)
             ... with a bolt of energy
             ... in a Gauntlet.
             The game lasted 00:21:24 (3816 turns).

Zeldest the Chopper (Vine Stalker Monk)             Turns: 3816, Time: 00:21:25

Health: -13/53     AC: 16    Str: 18    XL:     10   Next: 93%
Magic:  0/13       EV: 10    Int: 10    God:    the Shining One [****..]
Gold:   488        SH: 14    Dex: 17    Spells: 9/9 levels left

rFire   . . .      SeeInvis .   s - +2 broad axe (protect)
rCold   . . .      Faith    .   t - +0 tower shield
rNeg    + + .      Spirit   +   q - +0 chain mail
rPois   .          Reflect  .   (no helmet)
rElec   .          Harm     .   (no cloak)
rCorr   .          Rampage  .   (no gloves)
Will    +....      NoTele   +   (no boots)
Stlth   ..........              i - amulet of magic regeneration
HPRegen 0.97/turn               n - +4 ring of evasion
MPRegen 0.53/turn               e - +4 ring of slaying

@: under a protective aura, glowing
A: fangs 3, regeneration 1, magic shield, antimagic bite, no potion heal 2
a: Renounce Religion, Divine Shield, Cleansing Flame


You were in a Gauntlet.
You worshipped the Shining One.
The Shining One was greatly pleased with you.
You visited 2 branches of the dungeon, and saw 12 of its levels.
You also visited: Gauntlet.

You collected 488 gold pieces.

Inventory:

Hand Weapons
 s - a +2 broad axe of protection (weapon)
Missiles
 B - 2 throwing nets (quivered)
Armour
 q - a +0 chain mail (worn)
 t - a +0 tower shield (worn)
Magical Staves
 p - a staff of air
Jewellery
 e - a +4 ring of slaying (right hand)
 i - an amulet of magic regeneration (around neck)
 n - a +4 ring of evasion (left hand)
 F - a ring of flight
 G - a ring of see invisible
Wands
 g - a wand of digging (2)
 v - a wand of flame (3)
 E - a wand of quicksilver (3)
 I - a wand of paralysis (13)
Scrolls
 b - a scroll of vulnerability
 d - 2 scrolls of silence
 f - a scroll of magic mapping
 h - a scroll of fear
 m - 2 scrolls of immolation
 o - 2 scrolls of summoning
 y - a scroll of amnesia
 A - 2 scrolls of teleportation
 H - a scroll of poison {unknown}
Potions
 a - a potion of brilliance {unknown}
 c - 2 potions of ambrosia
 j - 4 potions of curing
 k - 2 potions of mutation
 l - 2 potions of attraction {unknown}
 r - a potion of haste {unknown}
 u - 2 potions of flight
 w - a potion of cancellation {unknown}
 z - a potion of might {unknown}
 C - 2 potions of magic {unknown}
 D - 2 potions of lignification {unknown}
 J - a potion of heal wounds {unknown}
Miscellaneous
 x - a condenser vane


   Skills:
 + Level 6.6 Fighting
 - Level 3.2 Short Blades
 * Level 7.9 Axes
 + Level 5.4 Armour
 + Level 6.0 Dodging
 - Level 2.4 Stealth
 + Level 5.2 Shields
 + Level 3.7 Invocations


You had 9 spell levels left.
You didn't know any spells.
Your spell library contained the following spells:

 Spells                   Type           Power      Damage    Failure   Level
 Sandblast                Erth           0%         2d4       100%        1
 Ensorcelled Hibernation  Hex/Ice        0%         N/A       100%        2
 Passwall                 Tmut/Erth      0%         N/A       100%        2
 Static Discharge         Conj/Air       0%         3-3/arc   100%        2
 Ozocubu's Armour         Ice            0%         N/A       100%        3
 Portal Projectile        Hex/Tloc       0%         N/A       100%        3
 Stone Arrow              Conj/Erth      0%         3d7       100%        3
 Swiftness                Air            0%         N/A       100%        3
 Tukima's Dance           Hex            0%         N/A       100%        3
 Blade Hands              Tmut           0%         N/A       100%        5
 Lightning Bolt           Conj/Air       0%         1d11      100%        5
 Ozocubu's Refrigeration  Ice            0%         4d7       100%        7
 Maxwell's Capacitive Co  Air            0%         ∞         100%        8


Dungeon Overview and Level Annotations

Branches:
Dungeon (11/15)            Temple (1/1) D:5            Lair (0/5) D:10
Gauntlet (1/1)
    Orc: D:9-12

Altars:
Ashenzari
Dithmenos
Elyvilon
Fedhas
Gozag
Kikubaaqudgha
Makhleb
Nemelex Xobeh
Okawaru
Qazlal
Ru
Sif Muna
Trog
Uskayaw
Vehumet
Xom
Yredelemnul
Zin
The Shining One

Shops:
D:5 [

Annotations:
D:10 1 runed translucent door Gauntlet 16 runed translucent doors, 10 transporters


Innate Abilities, Weirdness & Mutations

You have razor-sharp teeth.
Your natural rate of healing is unusually fast.
When hurt, damage is shared between your health and your magic reserves.
Your bite disrupts and absorbs the magic of your enemies.
Potions cannot restore your health.


Message History

Found a translucent bone ring and a fizzy red potion.
Found a transporter.
The white imp shouts, "Scamper hence, thou rough-hewn saucy flim-flammer!"
The death scarab waves its antennae.
The white imp shouts, "Scamper away, thou twisted hedge-born socdollager!"
The death scarab waves its antennae.
Found a large runed translucent door.
There is a transporter here.
You enter the transporter and appear at another place.
You open the door.
There is an open translucent door here.
You open the large door.
There is a large open translucent door here.
You open the large door.
There is a large open translucent door here.
You slash the floating eye!
Your weapon exudes an aura of protection.
The floating eye is heavily wounded.
You hit the floating eye.
The floating eye is severely wounded.
You completely miss the floating eye. You bite the floating eye.
You kill the floating eye!
You hit the eye of devastation but do no damage.
You bite the eye of devastation.
The eye of devastation's magic leaks into the air.
You drain its magic.
The eye of devastation is lightly wounded.
The eye of devastation gazes at you. The bolt of energy hits you!!
You slash the eye of devastation!
The eye of devastation is lightly wounded.
The eye of devastation gazes at you. The bolt of energy hits you!!
* * * LOW HITPOINT WARNING * * *
You slash the eye of devastation!
The eye of devastation is moderately wounded.
The eye of devastation's magic is no longer disrupted.
The eye of devastation gazes at you. The bolt of energy hits you!!
You die...

.......≈∩§...............
.©.............©.........
#######...###########...#
.....2#...#..+.©.+..#.8.#
.##..#.∩.#..+...+..#...#
..##.#...#++#'#+#++#####..#.#.
...#.#...#..+...'..#...#^#.#^#^#
©....#...#..+...G..#©.©#..#.©.#.
....#.#...#++#..@#''#...#^#.#.#^#
...##.#...#..#+++#..#####..#^#.#^
#.##..#...#.........#...#.#.#.#.#
!©}!..#...#..[.©.=..#.8.#B.......
#######§..###########...#########
.©.#....≈.............≈....#.©.#.
...#...≈8≈...........≈8≈...#...#.
.©.#....≈.............≈....#.©.#.
#######...###########..§#########


You could see an eye of devastation.

Vanquished Creatures
  Maurice (D:9)
  Joseph (D:8)
  A shadow (D:11)
  2 wraiths
  A wyvern (D:8)
  6 yaks (D:8)
  3 vampire mosquitoes (D:10)
  2 steam dragons
  3 wargs (D:10)
  2 acid dragons
  A water moccasin (D:6)
  A floating eye (Gauntlet)
  An ice beast (D:7)
  An ogre (D:6)
  A sky beast (D:6)
  4 centaurs
  A phantom (D:6)
  2 kobold brigands
  7 bullfrogs
  9 killer bees
  A howler monkey (D:7)
  2 electric eels (D:10)
  3 hounds
  4 orc priests
  A jelly (D:4)
  Jessica (D:2)
  Natasha (twice) (D:3)
  3 iguanas
  11 orc wizards
  8 gnolls
  9 adders
  3 shadow imps
  A white imp (D:8)
  3 worms
  2 dart slugs
  32 orcs
  5 ball pythons
  5 bats
  6 endoplasms
  3 giant cockroaches
  3 goblins
  7 hobgoblins
  14 kobolds
  3 quokkas
  2 frilled lizards
  4 rats
188 creatures vanquished.

Vanquished Creatures (others)
  9 withered plants (Gauntlet)
9 creatures vanquished.

Grand Total: 197 creatures vanquished

Notes
Turn   | Place    | Note
-------+----------+-------------------------------------------
     0 | D:1      | Zeldest the Vine Stalker Monk began the quest for the Orb.
     0 | D:1      | Reached XP level 1. HP: 11/11 MP: 2/2
   140 | D:1      | Reached XP level 2. HP: 3/16 MP: 3/3
   361 | D:1      | Found a faded altar of an unknown god.
   434 | D:1      | Prayed at the altar of an unknown god.
   434 | D:1      | Became a worshipper of the Shining One
   434 | D:1      | Reached * piety under the Shining One
   434 | D:1      | Reached ** piety under the Shining One
   500 | D:1      | Reached XP level 3. HP: 19/19 MP: 4/4
   592 | D:2      | Reached skill level 1 in Armour
   769 | D:2      | Noticed Jessica
   775 | D:2      | Killed Jessica
   776 | D:2      | Gained mutation: Your natural rate of healing is unusually
                  | fast. [Vine Stalker growth]
   776 | D:2      | Reached XP level 4. HP: 18/24 MP: 5/5
   796 | D:3      | Noticed Natasha
   809 | D:3      | Killed Natasha
   809 | D:3      | Reached *** piety under the Shining One
   874 | D:3      | Reached XP level 5. HP: 25/28 MP: 6/6
  1125 | D:3      | Noticed Natasha
  1130 | D:3      | Killed Natasha
  1131 | D:3      | Reached skill level 1 in Axes
  1223 | D:4      | Reached XP level 6. HP: 30/33 MP: 7/7
  1345 | D:5      | Entered Level 5 of the Dungeon
  1395 | D:5      | Found a burning altar of Makhleb.
  1425 | D:5      | Found a staircase to the Ecumenical Temple.
  1432 | D:5      | Reached skill level 2 in Axes
  1439 | Temple   | Entered the Ecumenical Temple
  1567 | D:5      | Found Meohaset's Antique Armour Shoppe.
  1592 | D:5      | Found a basalt altar of Yredelemnul.
  1597 | D:5      | Found a glowing golden altar of the Shining One.
  1823 | D:6      | Reached skill level 1 in Shields
  1848 | D:6      | Reached XP level 7. HP: 33/37 MP: 6/8
  1973 | D:6      | Reached skill level 3 in Axes
  1996 | D:6      | Reached **** piety under the Shining One
  2027 | D:6      | Gained mutation: You have razor-sharp teeth. [Vine Stalker
                  | growth]
  2027 | D:6      | Reached XP level 8. HP: 32/42 MP: 5/9
  2038 | D:6      | Reached skill level 4 in Axes
  2234 | D:7      | Reached skill level 5 in Fighting
  2238 | D:7      | Reached skill level 5 in Axes
  2267 | D:7      | Found a faded altar of an unknown god.
  2267 | D:7      | Found a sacrificial altar of Ru.
  2272 | D:7      | Found a sparkling altar of Nemelex Xobeh.
  2275 | D:7      | Found a broken altar of Ashenzari.
  2276 | D:7      | Found a faded altar of an unknown god.
  2314 | D:7      | Reached XP level 9. HP: 39/47 MP: 7/10
  2332 | D:7      | Found an opulent altar of Gozag.
  2413 | D:7      | Found an iron altar of Okawaru.
  2451 | D:8      | Noticed Joseph
  2466 | D:8      | Killed Joseph
  2467 | D:8      | Reached skill level 5 in Dodging
  2592 | D:8      | Reached skill level 6 in Axes
  2623 | D:8      | Found a shadowy altar of Dithmenos.
  2663 | D:9      | Reached skill level 1 in Invocations
  2809 | D:9      | Noticed Maurice
  2816 | D:9      | Killed Maurice
  2826 | D:9      | Identified the +3 ring mail of the Game of Life {Int+4}
  2897 | D:9      | Reached XP level 10. HP: 53/53 MP: 12/12
  3057 | D:8      | Reached skill level 7 in Axes
  3117 | D:8      | Reached skill level 5 in Armour
  3150 | D:10     | Entered Level 10 of the Dungeon
  3241 | D:10     | Reached skill level 5 in Shields
  3246 | D:10     | Found a staircase to the Lair.
  3461 | D:10     | Found a radiant altar of Vehumet.
  3586 | D:10     | Found a runed translucent gate.
  3672 | D:11     | Found a gate leading to a gauntlet.
  3690 | Gauntlet | Entered a Gauntlet
  3690 | Gauntlet | Noticed a blizzard demon
  3690 | Gauntlet | Noticed an eye of devastation
  3690 | Gauntlet | Found a large runed translucent door.
  3690 | Gauntlet | Found a large runed translucent door.
  3690 | Gauntlet | Found a large runed translucent door.
  3690 | Gauntlet | Found a large runed translucent door.
  3690 | Gauntlet | Found a runed translucent door.
  3690 | Gauntlet | Found a large runed translucent door.
  3690 | Gauntlet | Found a large runed translucent door.
  3690 | Gauntlet | Found a transporter.
  3690 | Gauntlet | Found a transporter.
  3690 | Gauntlet | Found a large runed translucent door.
  3690 | Gauntlet | Found a large runed translucent door.
  3690 | Gauntlet | Found a runed translucent gate.
  3690 | Gauntlet | Found a runed translucent gate.
  3690 | Gauntlet | Found a transporter.
  3693 | Gauntlet | Found a runed translucent gate.
  3693 | Gauntlet | Found a runed translucent door.
  3696 | Gauntlet | Found a transporter.
  3696 | Gauntlet | Found a transporter.
  3708 | Gauntlet | Found a transporter.
  3721 | Gauntlet | Found a transporter.
  3744 | Gauntlet | Found a large runed translucent door.
  3745 | Gauntlet | Found a large runed translucent door.
  3747 | Gauntlet | Found a large runed translucent door.
  3747 | Gauntlet | Found a transporter.
  3748 | Gauntlet | Found a large runed translucent door.
  3749 | Gauntlet | Found a transporter.
  3752 | Gauntlet | Noticed a death scarab
  3754 | Gauntlet | Found a large runed translucent door.
  3754 | Gauntlet | Found a large runed translucent door.
  3755 | Gauntlet | Found a transporter.
  3759 | Gauntlet | Found a transporter.
  3787 | Gauntlet | Found a large runed translucent door.
  3787 | Gauntlet | Found a large runed translucent door.
  3816 | Gauntlet | Blown up by an eye of devastation

Illustrated notes

Levels and vault maps discovered:
D:1:      sevenhm_arrival_forest_fort_large_2, layout_basic,
          shapermc_ecumenical_altar_mp_vishouse
D:2:      minmay_evil_eye, layout_rooms, grunt_decor_clamped, dk_noncrumbling_2,
          uniq_jessica
D:3:      layout_loops_ring, mainiacjoe_overflow_boulevard, uniq_natasha
D:4:      layout_basic, grunt_decor_arrowhead
D:5:      layout_loops_ring, grunt_temple_overflow_holy_war,
          makhleb_heckhound_becter, minmay_temple_entry_antechambers,
          serial_shops, nicolae_shop_behind_doors
D:6:      layout_loops_ring, dk_noncrumbling_4
D:7:      layout_cave_pools, general_overflow_altar, nzn_wu_jian_council_hall,
          grunt_gozag_breadcrumbs, chequers_temple_overflow_minitemple
D:8:      layout_gridville, mainiacjoe_overflow_chevrons, uniq_joseph
D:9:      layout_basic, mainiacjoe_overflow_catwalk, uniq_maurice
D:10:     layout_basic, vehumet_crystals, erik_lair_orcish_takeover,
          gammafunk_ghost_ooze
D:11:     layout_gridville, gauntlet_entry_generic, nzn_ghost_randoct,
          nicolae_hepliaklqana_hippocampus
Temple:   jpeg_temple_island
Gauntlet: gammafunk_gauntlet_shortcut [gammafunk_gauntlet_arena_split_diamond,
          nicolae_gauntlet_arena_x, minmay_gauntlet_arena_make_your_own_arena,
          gammafunk_gauntlet_arena_grid, gammafunk_gauntlet_arena_corners,
          gammafunk_gauntlet_arena_arrow_garden, gauntlet_exit_watery]

Skill      XL: |  1  2  3  4  5  6  7  8  9 10 |
---------------+-------------------------------+-----
Short Blades   | 3 |  3.2
Fighting       | 3 4 5 6 |  6.6
Armour         | 1 2 3 4 5 |  5.4
Dodging        | 3 4 5 6 |  6.0
Axes           | 1 2 3 5 6 7 |  7.9
Shields        | 1 2 3 4 5 |  5.2
Invocations    | 1 3 |  3.7
Stealth        | |  2.4

Action                   |  1- 3 |  4- 6 |  7- 9 | 10-12 || total
-------------------------+-------+-------+-------+-------++-------
Melee: Short sword       |    71 |    45 |       |       ||   116
       Bite              |    25 |    32 |    49 |    28 ||   134
       War axe           |       |    24 |       |       ||    24
       Punch             |       |     2 |       |       ||     2
       Broad axe         |       |    35 |   115 |    92 ||   242
Invok: Divine Shield     |       |       |     1 |       ||     1
  Use: Scroll            |       |     4 |    12 |     4 ||    20
       Potion            |       |       |     1 |       ||     1
 Stab: Sleeping          |     3 |       |       |       ||     3
Armor: Robe              |     6 |       |       |       ||     6
       Ring mail         |     2 |    11 |       |       ||    13
       Chain mail        |       |    28 |    52 |    33 ||   113
Dodge: Dodged            |    31 |    53 |    61 |    44 ||   189
Block: Tower shield      |       |    32 |   135 |    85 ||   252

Table legend: (Time is in decaauts)
 A = Elapsed time spent in this place.
 B = Non-inter-level travel time spent in this place.
 C = Inter-level travel time spent in this place.
 D = Time resting spent in this place.
 E = Time spent auto-exploring this place.
 F = Levels seen in this place.
 G = Mean time per level.
                   A        B        C        D        E       F      G
               +--------+--------+--------+--------+--------+-----+--------+
         Total |   3992 |   3919 |     73 |      0 |      0 |  13 |  307.1 |
       Dungeon |   3834 |   3761 |     73 |      0 |      0 |  11 |  348.5 |
        Temple |     28 |     28 |      0 |      0 |      0 |   1 |   28.0 |
      Gauntlet |    128 |    128 |      0 |      0 |      0 |   1 |  128.0 |
               +--------+--------+--------+--------+--------+-----+--------+

Top non-repeatable levels by time:
     D:1: 552 daAuts
    D:10: 500 daAuts
     D:8: 402 daAuts
     D:6: 391 daAuts
     D:9: 359 daAuts
     D:3: 354 daAuts
     D:4: 336 daAuts
     D:5: 331 daAuts
     D:7: 300 daAuts
     D:2: 237 daAuts
Gauntlet: 128 daAuts
    D:11: 67 daAuts
  Temple: 28 daAuts
